 Dungeon Sprint DCSS version 0.29-a0-468-ge57f7f99b4 (webtiles) character file.

Game seed: 7219242897296069350

95 mhtbhm the Cleaver (level 4, -2/70 HPs)
             Began as a Hill Orc Berserker on May 21, 2022.
             Was a Believer of Trog.
             Killed by divine providence
             ... invoked by an oklob sapling priest
              (13 damage)
             ... in the Dungeon (Sprint IV: "Fedhas' Mad Dash").
             The game lasted 00:00:23 (371 turns).

mhtbhm the Cleaver (Hill Orc Berserker)              Turns: 371, Time: 00:00:24

Health: -2/70      AC: -1    Str: 21    XL:     4   Next: 66%
Magic:  4/4        EV: 12    Int:  7    God:    Trog [**....]
Gold:   55         SH:  0    Dex: 10    Spells: 3/3 levels left

rFire   . . .      SeeInvis .   a - +0 hand axe
rCold   . . .      Faith    .   (no shield)
rNeg    . . .      Spirit   .   b - +0 animal skin
rPois   .          Reflect  .   (no helmet)
rElec   .          Harm     .   (no cloak)
rCorr   .          Rampage  .   (no gloves)
Will    .....      NoTele   +   (no boots)
Stlth   ..........              d - amulet of invisibility {+Inv}
HPRegen 0.21/turn               (no ring)
MPRegen 0.09/turn               (no ring)

@: berserking, corroded, very slightly contaminated, very quick
A: no striking features
a: Renounce Religion, Evoke Invisibility, Berserk, Trog's Hand


You were in the Dungeon.
You worshipped Trog.
Trog was pleased with you.
You visited 1 branch You collected 55 gold pieces.

Inventory:

Hand Weapons
 a - a +0 hand axe (weapon)
Armour
 b - a +0 animal skin (worn)
Jewellery
 d - the amulet of invisibility (around neck) {+Inv}
   (You found it in the Dungeon)

   [amulet of nothing]

   +Inv:      It lets you turn invisible.
Scrolls
 h - a scroll of blinking
 i - a scroll of enchant weapon {unknown}
Potions
 c - a potion of curing
 e - a potion of haste
 f - 2 potions of magic
 g - a potion of berserk rage
 j - a potion of brilliance {unknown}


   Skills:
 + Level 7.4 Fighting
 + Level 8.3 Axes
 + Level 3.5 Armour
 + Level 3.0 Dodging


You had 3 spell levels left.
You didn't know any spells.
Your spell library was empty.

Dungeon Overview and Level Annotations

Branches:
Dungeon (1/1)

Altars:
Cheibriados
Dithmenos
Elyvilon
Gozag
Hepliaklqana
Kikubaaqudgha
Makhleb
Nemelex Xobeh
Okawaru
Qazlal
Ru
Sif Muna
Trog
Uskayaw
Vehumet
Wu Jian
Xom
Yredelemnul
Zin
The Shining One
Beogh
Jiyva
Lugonu

Annotations:
D exclusion: oklob sapling


Message History

You hit the oklob sapling priest.
The oklob sapling priest is severely damaged.
You hit the oklob sapling priest but do no damage.
The oklob sapling priest is severely damaged.
The oklob sapling priest invokes the aid of its god against you.
Something smites you!
You hit the oklob sapling priest.
The oklob sapling priest is severely damaged.
You hit the oklob sapling priest.
The oklob sapling priest is almost destroyed.
The oklob sapling priest miscasts a cantrip.
You hit the oklob sapling priest but do no damage.
The oklob sapling priest is almost destroyed.
The oklob sapling priest invokes the aid of its god against you.
Something smites you!
You are too injured to fight recklessly!
You are too injured to fight recklessly!
You are too injured to fight recklessly!
You are too injured to fight recklessly!
You are too injured to fight recklessly!
You are too injured to fight recklessly!
You are too injured to fight recklessly!
You are too injured to fight recklessly!
You are too injured to fight recklessly!
You are too injured to fight recklessly!
A red film seems to cover your vision as you go berserk!
You feel yourself moving faster!
You feel mighty!
The oklob sapling priest spits acid at you.
The splash of acid hits you!!
* * * LOW HITPOINT WARNING * * *
The acid corrodes you!
You hit the oklob sapling priest but do no damage.
The oklob sapling priest is almost destroyed.
You completely miss the oklob sapling priest.
The oklob sapling priest is almost destroyed.
You hit the oklob sapling priest but do no damage.
The oklob sapling priest is almost destroyed.
The oklob sapling priest invokes the aid of its god against you.
Something smites you!
You die...

########################
....#.....#.⌠._._._._.⌠.
÷...'.#...'.._._@_._._..
....#.#...#..._._P_._...
########+##.._._._._._..
#._._._._._.⌠.
##############


You could see an oklob sapling priest.

Vanquished Creatures
  A scorpion (D)
  An oklob sapling (D)
  A river rat (D)
  A rat (D)
4 creatures vanquished.

Notes
Turn   | Place    | Note
-------+----------+-------------------------------------------
     0 | D        | mhtbhm the Hill Orc Berserker began the quest for the Orb.
     0 | D        | Reached XP level 1. HP: 19/19 MP: 1/1
    12 | D        | Reached skill level 5 in Axes
    12 | D        | Reached XP level 2. HP: 20/28 MP: 2/2
   105 | D        | Noticed an oklob sapling
   106 | D        | Killed an oklob sapling
   106 | D        | Reached ** piety under Trog
   107 | D        | Reached skill level 6 in Axes
   107 | D        | Reached XP level 3. HP: 37/37 MP: 3/3
   108 | D        | Noticed a scorpion
   108 | D        | Found the amulet of invisibility {+Inv}
   121 | D        | Killed a scorpion
   122 | D        | Reached skill level 8 in Axes
   122 | D        | Reached XP level 4. HP: 19/47 MP: 4/4
   348 | D        | Found an opulent altar of Gozag.
   348 | D        | Found a hazy altar of Hepliaklqana.
   348 | D        | Found a burning altar of Makhleb.
   348 | D        | Found a roughly hewn altar of Beogh.
   348 | D        | Found a sparkling altar of Nemelex Xobeh.
   348 | D        | Found a snail-covered altar of Cheibriados.
   348 | D        | Found a sacrificial altar of Ru.
   348 | D        | Found a shimmering blue altar of Sif Muna.
   348 | D        | Found a shimmering altar of Xom.
   348 | D        | Found a basalt altar of Yredelemnul.
   349 | D        | Found a viscous altar of Jiyva.
   349 | D        | Found a bloodstained altar of Trog.
   349 | D        | Found an ornate altar of the Wu Jian Council.
   349 | D        | Noticed an oklob sapling priest
   350 | D        | Found an iron altar of Okawaru.
   350 | D        | Found a shadowy altar of Dithmenos.
   350 | D        | Found a glowing silver altar of Zin.
   351 | D        | Found an ancient bone altar of Kikubaaqudgha.
   351 | D        | Found a hide-covered altar of Uskayaw.
   352 | D        | Found a stormy altar of Qazlal.
   352 | D        | Found a white marble altar of Elyvilon.
   352 | D        | Found a glowing golden altar of the Shining One.
   353 | D        | Found a corrupted altar of Lugonu.
   353 | D        | Found a radiant altar of Vehumet.
   371 | D        | Killed from afar by an oklob sapling priest

Illustrated notes

Levels and vault maps discovered:
D:        dungeon_sprint_fedhas [sprint_temple]

Skill      XL: |  1  2  3 |
---------------+----------+-----
Fighting       | 4 6 7 |  7.4
Axes           | 5 6 8 |  8.3
Dodging        | 2 3 |  3.0
Armour         | 3 |  3.5

Action                   |  1- 3 |  4- 6 || total
-------------------------+-------+-------++-------
Melee: Hand axe          |    18 |    15 ||    33
Invok: Berserk           |     1 |     1 ||     2
 Abil: Evoke Invisibilit |       |     1 ||     1
  Use: Potion            |     1 |       ||     1
 Stab: Invisible         |       |     1 ||     1
       Sleeping          |       |     1 ||     1
Armor: Animal skin       |     5 |       ||     5
Dodge: Dodged            |    11 |     1 ||    12

Table legend: (Time is in decaauts)
 A = Elapsed time spent in this place.
 B = Non-inter-level travel time spent in this place.
 C = Inter-level travel time spent in this place.
 D = Time resting spent in this place.
 E = Time spent auto-exploring this place.
 F = Levels seen in this place.
 G = Mean time per level.
                   A        B        C        D        E       F      G
               +--------+--------+--------+--------+--------+-----+--------+
         Total |    377 |    377 |      0 |    290 |      3 |   1 |  377.0 |
       Dungeon |    377 |    377 |      0 |    290 |      3 |   1 |  377.0 |
               +--------+--------+--------+--------+--------+-----+--------+

Top non-repeatable levels by time:
       D: 377 daAuts
